Map: Bridgehead LE (Void)

Players

MoonLjth

  • Race: Protoss Protoss
  • League: Grandmaster

iQuitBYE

  • Race: Protoss Protoss
  • League: Grandmaster

Ilikeitdirty - Winner!

  • Race: Protoss Protoss
  • League: Platinum

TheDounat - Winner!

  • Race: Protoss Protoss
  • League: Diamond

VOD

Have the link to the VOD?

Description

Time

  • Played on: Oct. 3, 2015, 4:28 p.m.
  • Length: 18:14
Show
View Real Time Build Order
Export as new Build Order

MoonLjth Protoss 

Build Orders: 1 Gate Expand, Blink Stalkers 

Get SALT Encoding   

  12  0:01  Probe (Chrono Boost)  
  13  0:16  Pylon  
  13  0:18  Probe (Chrono Boost)  
  14  0:28  Probe (Chrono Boost)  
  15  0:37  Gateway  
  15  0:39  Probe (Chrono Boost)  
  16  0:49  Probe (Chrono Boost)  
  17  1:01  Probe (Chrono Boost)  
  18  1:14  Nexus  
  18  1:20  Assimilator  
  18  1:22  Probe (Chrono Boost)  
  19  1:36  Cybernetics Core  
  19  1:38  Assimilator  
  20  1:40  Probe (Chrono Boost)  
  20  1:50  Probe (Chrono Boost)  
  20  1:51  Pylon  
  21  2:01  Probe (Chrono Boost)  
  22  2:12  Warp Gate (Chrono Boost)  
  22  2:15  Probe (Chrono Boost)  
  23  2:26  Mothership Core (Chrono Boost)  
  23  2:28  Pylon  
  23  2:29  Probe (Chrono Boost)  
  26  2:30  Stalker  
  28  2:40  Probe (Chrono Boost)  
  28  2:44  Probe (Chrono Boost), Assimilator  
  30  2:50  Probe (Chrono Boost)  
  31  2:52  Twilight Council  
  31  2:55  Probe (Chrono Boost)  
  32  3:02  Stalker  
  32  3:04  Probe (Chrono Boost)  
  35  3:11  Probe (Chrono Boost)  
  36  3:14  Probe (Chrono Boost)  
  37  3:21  Probe (Chrono Boost)  
  37  3:23  Blink  
  37  3:24  Probe (Chrono Boost)  
  39  3:27  Gateway  
  39  3:32  Probe  
  40  3:35  Probe  
  41  3:44  Probe  
  41  3:46  Probe  
  41  3:48  Pylon  
  43  3:56  Probe (Chrono Boost)  
  43  4:00  Probe (Chrono Boost), Robotics Facility  
  45  4:08  Probe (Chrono Boost)  
  45  4:13  Stalker  
  43  4:19  Probe (Chrono Boost)  
  43  4:20  Probe (Chrono Boost)  
  45  4:35  Gateway  
  45  4:37  Gateway  
  46  4:38  Probe (Chrono Boost)  
  46  4:40  Gateway, Probe (Chrono Boost)  
  47  4:52  Stalker x2  
  50  4:57  Pylon  
  50  4:58  Immortal (Chrono Boost)  
  54  5:05  Pylon  
  54  5:09  Probe  
  54  5:11  Pylon  
  55  5:15  Probe  
  55  5:19  Gateway  
  56  5:22  Pylon  
  56  5:33  Immortal (Chrono Boost)  
  60  5:41  Stalker x3  
  64  5:52  Stalker x2  
  66  5:59  Probe  
  67  6:07  Stalker x2  
  67  6:08  Stalker  
  73  6:20  Warp Prism (Chrono Boost)  
  73  6:23  Pylon  
  73  6:25  Pylon  
  75  6:27  Pylon  
  75  6:41  Stalker x2  
  75  6:42  Stalker x2  
  83  6:48  Adept  
  83  6:50  Adept  
  84  7:08  Stalker x3  
  86  7:09  Stalker  
  86  7:14  Probe  
  74  7:30  Adept  
  76  7:40  Stalker x2  
  76  7:41  Stalker x3  
  86  7:50  Stalker  
  84  8:08  Stalker x3  
  84  8:09  Stalker x2  
  74  8:23  Stalker  
  74  8:24  Probe  
  65  8:28  Probe  
  60  8:36  Probe  
  60  8:37  Stalker x2  
  60  8:39  Assimilator  
  60  8:40  Probe  
  64  8:45  Zealot  
  64  8:46  Zealot x3  
  64  8:48  Probe  
  67  8:59  Probe  
  67  9:00  Probe  
  69  9:07  Zealot x3  
  69  9:08  Zealot x2  
  61  9:24  Stalker  
  61  9:28  Stalker  
  61  9:29  Zealot  
  57  9:35  Probe x2  
  51  9:47  Probe  
  51  9:48  Resonating Glaives (Chrono Boost)  
  51  9:51  Adept  
  51  9:52  Adept x2  
  58  9:54  Adept  
  58  9:59  Probe  
  61  10:04  Stalker  
  62  10:14  Probe  
  61  10:23  Probe  
  62  10:29  Nexus  
  62  10:31  Stalker x4  
  62  10:32  Immortal (Chrono Boost)  
  74  10:36  Pylon  
  70  10:50  Adept, Dark Shrine  
  70  10:51  Adept  
  70  10:55  Pylon  
  70  11:12  Immortal (Chrono Boost)  
  70  11:13  Adept x3  
  80  11:20  Stalker  
  76  11:44  Stalker, Probe  
  76  11:45  Stalker  
  76  11:46  Probe, Observer (Chrono Boost)  
  81  11:54  Probe  
  81  11:56  Probe  
  81  11:58  Probe  
  84  12:02  Assimilator  
  84  12:05  Adept  
  86  12:09  Adept  
  86  12:10  Assimilator  
  88  12:18  Probe  
  89  12:23  Adept x3  
  89  12:24  Adept  
  96  12:31  Forge  
  96  12:33  Probe (Chrono Boost)  
  96  12:41  Stalker x2  
  99  13:01  Dark Templar x3  
  99  13:02  Dark Templar  
  106  13:10  Archon  
  104  13:13  Probe x3 (Chrono Boost)  
  104  13:19  Dark Templar  
  108  13:20  Dark Templar  
  108  13:21  Archon  
  108  13:24  Observer  
  109  13:31  Gateway  
  110  13:34  Gateway, Probe (Chrono Boost)  
  110  13:42  Dark Templar  
  110  13:48  Archon  
  112  13:57  Warp Prism (Chrono Boost)  
  112  14:00  Stalker x2  
  118  14:05  Stalker  
  118  14:17  Stalker  
  118  14:18  Stalker  
  122  14:26  Probe  
  69  14:52  Stalker  
  69  14:53  Stalker x3  
  69  14:54  Stalker x2  
  81  15:00  Adept  
  69  15:16  Adept x2  
  69  15:17  Adept x2  
  77  15:30  Templar Archives  
  77  15:36  Adept x2  
  81  15:59  Dark Templar  
  83  16:04  Nexus  
  83  16:16  Adept x4  
  91  16:18  Probe  
  86  16:36  High Templar x3  
  86  16:37  High Templar x5  
  86  16:39  Archon x3  
  98  16:40  Archon  
  98  16:48  Warp Prism (Chrono Boost)  
  98  17:09  Adept x3  
  104  17:39  Adept  
  104  17:40  Adept x4  
  104  17:41  Adept x2  
  118  18:01  Adept x3  
  118  18:04  Adept x3  
  88  18:11  High Templar x2  
Show
View Real Time Build Order
Export as new Build Order

iQuitBYE Protoss 

Build Orders: Oracle Opening 

Get SALT Encoding   

  12  0:01  Probe (Chrono Boost)  
  13  0:12  Probe (Chrono Boost)  
  14  0:22  Probe (Chrono Boost)  
  14  0:24  Pylon  
  15  0:42  Gateway, Probe (Chrono Boost)  
  16  0:53  Probe (Chrono Boost)  
  17  1:03  Probe (Chrono Boost)  
  18  1:05  Assimilator  
  18  1:07  Assimilator  
  18  1:12  Gateway  
  18  1:14  Probe (Chrono Boost)  
  19  1:24  Probe (Chrono Boost)  
  20  1:30  Cybernetics Core  
  20  1:35  Probe (Chrono Boost)  
  21  1:45  Probe (Chrono Boost)  
  22  1:47  Pylon  
  22  1:56  Probe (Chrono Boost)  
  23  2:06  Probe (Chrono Boost), Adept  
  23  2:07  Adept, Warp Gate  
  28  2:13  Pylon  
  28  2:17  Probe (Chrono Boost)  
  29  2:25  Stargate  
  29  2:28  Probe (Chrono Boost)  
  30  2:42  Mothership Core (Chrono Boost)  
  32  2:57  Nexus  
  34  3:07  Oracle  
  36  3:21  Probe (Chrono Boost)  
  36  3:24  Pylon  
  36  3:25  Stalker  
  38  3:33  Probe (Chrono Boost)  
  39  3:39  Robotics Facility  
  39  3:45  Probe (Chrono Boost)  
  40  3:57  Probe (Chrono Boost)  
  41  4:05  Phoenix  
  41  4:08  Probe (Chrono Boost)  
  41  4:09  Probe (Chrono Boost)  
  45  4:18  Probe (Chrono Boost)  
  45  4:20  Probe (Chrono Boost)  
  47  4:25  Warp Prism  
  47  4:29  Probe (Chrono Boost)  
  47  4:30  Probe (Chrono Boost)  
  53  4:34  Assimilator  
  53  4:37  Assimilator  
  53  4:44  Probe (Chrono Boost)  
  54  4:51  Void Ray  
  56  4:53  Probe (Chrono Boost)  
  56  4:58  Probe (Chrono Boost)  
  58  5:01  Immortal  
  62  5:16  Pylon  
  62  5:17  Pylon  
  62  5:34  Probe (Chrono Boost)  
  62  5:35  Probe (Chrono Boost)  
  64  5:36  Immortal  
  64  5:37  Robotics Facility  
  64  5:39  Pylon  
  68  5:44  Void Ray  
  68  5:45  Probe (Chrono Boost)  
  68  5:47  Probe (Chrono Boost)  
  74  5:54  Pylon  
  74  5:55  Probe (Chrono Boost)  
  75  5:59  Probe (Chrono Boost)  
  76  6:06  Probe (Chrono Boost), Forge  
  76  6:07  Forge  
  77  6:13  Observer  
  78  6:25  Observer  
  79  6:27  Void Ray  
  83  6:33  Nexus  
  83  6:35  Gateway  
  83  6:37  Sentry x2  
  85  6:40  Probe (Chrono Boost), Protoss Ground Weapons Level 1  
  85  6:41  Protoss Ground Armor Level 1  
  85  6:55  Pylon  
  85  6:57  Pylon  
  85  6:58  Pylon  
  83  7:04  Immortal  
  82  7:08  Immortal  
  82  7:11  Gateway  
  82  7:13  Pylon  
  82  7:15  Gateway, Pylon  
  90  7:17  Sentry  
  90  7:27  Sentry  
  86  7:39  Void Ray  
  86  7:42  Adept  
  92  7:48  Gateway  
  96  7:51  Pylon  
  96  7:52  Sentry  
  99  8:07  Adept  
  91  8:13  Adept  
  85  8:22  Adept x2  
  71  8:28  Void Ray  
  71  8:29  Adept  
  71  8:31  Probe (Chrono Boost)  
  71  8:32  Probe (Chrono Boost)  
  67  8:34  Immortal  
  65  8:44  Stalker x3  
  63  8:59  Stalker  
  65  9:04  Photon Cannon  
  65  9:05  Photon Cannon  
  65  9:07  Adept x2  
  65  9:08  Adept  
  70  9:23  Gateway  
  70  9:24  Gateway, Adept  
  66  9:28  Sentry  
  70  9:33  Pylon  
  70  9:42  Probe x2 (Chrono Boost), Nexus  
  73  9:54  Probe (Chrono Boost)  
  73  9:57  Stalker x2, Probe (Chrono Boost)  
  78  10:11  Stalker x2  
  77  10:24  Adept  
  71  10:36  Probe (Chrono Boost)  
  71  10:39  Pylon  
  72  10:47  Probe (Chrono Boost)  
  73  10:58  Probe (Chrono Boost)  
  73  11:07  Twilight Council, Probe (Chrono Boost)  
  74  11:12  Probe (Chrono Boost)  
  75  11:18  Immortal  
  79  11:28  Photon Cannon  
  77  11:44  Templar Archives  
  77  11:54  Protoss Ground Armor Level 2, Protoss Ground Weapons Level 2  
  77  11:59  Immortal  
  81  12:06  Blink  
  81  12:09  Robotics Bay  
  81  12:11  Probe (Chrono Boost)  
  81  12:13  Probe x2 (Chrono Boost)  
  81  12:15  Robotics Facility  
  84  12:29  Probe (Chrono Boost)  
  86  12:30  Probe (Chrono Boost)  
  86  12:32  Pylon, Assimilator x2  
  86  12:33  Probe (Chrono Boost)  
  86  12:34  Immortal  
  87  12:42  Adept  
  87  12:43  Adept  
  93  12:50  Probe (Chrono Boost)  
  95  12:53  Probe x2 (Chrono Boost)  
  96  13:00  Disruptor  
  96  13:01  Probe (Chrono Boost)  
  96  13:05  Probe (Chrono Boost)  
  101  13:07  High Templar x2  
  101  13:08  Disruptor  
  101  13:09  Archon  
  103  13:18  Photon Cannon  
  106  13:23  Pylon, Photon Cannon  
  106  13:29  Photon Cannon  
  106  13:33  Photon Cannon  
  106  13:34  Observer  
  102  13:40  Probe (Chrono Boost)  
  105  13:41  Observer  
  105  13:42  Probe (Chrono Boost)  
  105  13:47  Pylon  
  105  13:54  Probe (Chrono Boost)  
  105  14:01  Stalker x3  
  111  14:08  Observer Gravitic Boosters  
  111  14:22  High Templar  
  111  14:23  High Templar  
  115  14:30  Nexus  
  115  14:35  Adept x3, Archon  
  102  14:43  Probe (Chrono Boost)  
  102  14:44  Probe x2 (Chrono Boost)  
  102  14:45  Pylon  
  101  14:54  Probe (Chrono Boost)  
  101  14:56  Probe (Chrono Boost)  
  101  14:57  Probe (Chrono Boost)  
  102  15:04  Probe (Chrono Boost), Assimilator  
  102  15:06  Assimilator  
  99  15:19  Stalker x4, High Templar x2  
  99  15:21  Archon  
  111  15:23  Disruptor  
  111  15:26  Photon Cannon  
  114  15:33  Probe (Chrono Boost)  
  115  15:39  Gateway  
  115  15:41  Probe (Chrono Boost)  
  118  15:44  Mothership Core (Chrono Boost)  
  118  15:52  Probe (Chrono Boost)  
  118  15:54  Disruptor  
  120  16:08  Probe (Chrono Boost)  
  120  16:09  Probe (Chrono Boost)  
  120  16:13  Stalker  
  120  16:14  Stalker x2  
  120  16:15  Stalker x3  
  132  16:22  Photon Cannon  
  132  16:32  Disruptor  
  132  16:37  Probe (Chrono Boost)  
  136  16:45  Probe (Chrono Boost)  
  136  16:46  Pylon  
  137  16:52  Adept x6  
  149  16:58  Stargate  
  149  17:00  Adept  
  149  17:10  Photon Cannon  
  149  17:14  Probe (Chrono Boost)  
  150  17:20  Stalker x2  
  150  17:21  Stalker x2  
  155  17:31  Stalker x2  
  155  17:32  Stalker  
  159  17:49  Probe (Chrono Boost)  
  160  18:00  Probe (Chrono Boost)  
  160  18:01  Nexus  
  160  18:04  Pylon  
  153  18:13  Adept x3  
  153  18:14  Adept  
Show
View Real Time Build Order
Export as new Build Order

Ilikeitdirty Protoss - Winner!

Build Orders:  

Get SALT Encoding   

Show
View Real Time Build Order
Export as new Build Order

TheDounat Protoss - Winner!

Build Orders:  

Get SALT Encoding   

Tags
 
Add a new tag
Caveats
  • Supply blocks, unpowered buildings, or Contaminate may cause inaccurate times.
  • Supply counts are checked every 10 seconds.